 Dungeon Crawl Stone Soup version 0.18.1-8-gdd0e5ea (webtiles) character file.

124 Krapule the Gusty (level 5, -10/28 HPs)
             Began as a Tengu Air Elementalist on June 12, 2016.
             Mangled by an ogre
             ... wielding a +0 giant club
              (21 damage)
             ... on level 3 of the Dungeon.
             The game lasted 00:09:42 (1955 turns).

Krapule the Gusty (Tengu Air Elementalist)          Turns: 1955, Time: 00:09:44

Health: -10/28     AC:  3    Str:  8    XL:     5   Next: 8%
Magic:  7/19       EV: 16    Int: 16    God:
Gold:   120        SH:  0    Dex: 15    Spells: 1 memorised, 8 levels left

rFire  . . .     SeeInvis +     m - +0 quarterstaff
rCold  . . .     Gourm    .     a - +0 robe
rNeg   . . .     Faith    .     (shield currently unavailable)
rPois  .         Spirit   .     (helmet restricted)
rElec  .         Dismiss  .     (no cloak)
rCorr  .         Reflect  .     k - +0 pair of gloves
SustAt .         Harm     .     (boots unavailable)
MR     .....                    (no amulet)
Stlth  ++........               l - ring of see invisible
                                f - ring of magical power

@: flying quickly and evasively (expiring), quick, not resistant to hostile
enchantments, unstealthy
A: beak, talons 3, able to fly 1
a: no special abilities


You were on level 3 of the Dungeon.
You were not hungry.

You visited 1 branch of the dungeon, and saw 3 of its levels.

You collected 120 gold pieces.

Inventory:

Hand Weapons
 m - a +0 quarterstaff (weapon)
Missiles
 w - a throwing net (quivered)
Armour
 a - a +0 robe (worn)
 k - a +0 pair of gloves (worn)
Jewellery
 f - a ring of magical power (left hand)
 i - an uncursed ring of flight
 j - an uncursed ring of ice
 l - a ring of see invisible (right hand)
 q - a +3 ring of protection
 r - an uncursed ring of stealth
Scrolls
 n - a scroll of teleportation
 s - a scroll of fog {unknown}
 t - a scroll of enchant armour {unknown}
 u - a scroll of fear {unknown}
Potions
 e - 3 potions of curing {unknown}
 h - a potion of beneficial mutation {unknown}
 o - 2 potions of invisibility {unknown}
 v - a potion of mutation {unknown}
Books
 b - a book of Air

   Spells                             Type                      Level
   a - Shock                          Conjuration/Air              1
   b - Swiftness                      Charms/Air                   2
   c - Repel Missiles                 Charms/Air                   2
   d - Static Discharge               Conjuration/Air              3
   e - Lightning Bolt                 Conjuration/Air              5
Comestibles
 c - 5 bread rations
 d - 3 meat rations
 g - a slice of pizza


   Skills:
 + Level 3.4 Dodging
 - Level 2.0 Stealth
 + Level 2.7 Spellcasting
 + Level 3.3 Conjurations
 + Level 4.9 Air Magic


You had 8 spell levels left.
You knew the following spells:

 Your Spells              Type           Power        Failure   Level  Hunger
a - Shock                 Conj/Air       ###.         4%          1    #......


Dungeon Overview and Level Annotations

Branches:
Dungeon (3/15)

Altars:


Innate Abilities, Weirdness & Mutations

You have a beak for a mouth.
You have claws for feet.
You can fly.


Message History

Casting: Shock
Confirm with . or Enter, or press ? or * to list all spells.
Aiming: Shock
Press: ? - help, Shift-Dir - straight line, f/p - ogre
Aim: an ogre, wielding a giant club (severely wounded)
The zap hits the ogre.
The ogre is almost dead.
You are starting to lose your buoyancy.
Your magical contamination has completely faded away.
You see here an adder skeleton.
Casting: Shock
Confirm with . or Enter, or press ? or * to list all spells.
Aiming: Shock
Press: ? - help, Shift-Dir - straight line, f/p - ogre
Aim: an ogre, wielding a giant club (almost dead)
The zap hits the ogre.
The ogre is almost dead.
The ogre hits you with a giant club!!
Ouch! That really hurt!
You die...

#.....#.# #.# #.....#.####.#
#.....#....#.# ##.#######)#.#
#. #.#.# #. #.#.# ##.###
#.#.# ... #....#
#.#.######### #.#
#....#####[#..@O.....# #.#
###....#...#.#########.# #.#
.......#.#.#.........#.# #.#
.......#.#.#########.#.# #.#
...........# #)#.# #.#
####.##....# #.#.# #.#
#.##....# #.#.######.#
#)###.#.#########.#(.......##
#†##...........##.#######..<#


You could see an ogre.

Vanquished Creatures
  An orc wizard (D:3)
  4 adders
  A worm (D:2)
  A dart slug (D:2)
  3 giant geckos
  3 orcs (D:3)
  5 giant cockroaches
  2 goblins (D:1)
  7 hobgoblins
  6 kobolds
  A quokka (D:2)
  12 bats
  2 giant newts
  4 rats
52 creatures vanquished.

Notes
Turn   | Place    | Note
--------------------------------------------------------------
     0 | D:1      | Krapule the Tengu Air Elementalist began the quest for the Orb.
     0 | D:1      | Reached XP level 1. HP: 10/10 MP: 4/4
   267 | D:1      | Reached XP level 2. HP: 15/15 MP: 4/6
   710 | D:2      | Found a faded altar to an unknown god.
   744 | D:2      | Reached XP level 3. HP: 19/19 MP: 4/7
  1354 | D:2      | Reached XP level 4. HP: 21/24 MP: 5/8
  1898 | D:3      | Gained mutation: You can fly. [Tengu growth]
  1898 | D:3      | Reached XP level 5. HP: 28/28 MP: 10/10
  1927 | D:3      | Noticed an ogre
  1955 | D:3      | Mangled by an ogre

Skill      XL: |  1  2  3  4 |
---------------+-------------+-----
Conjurations   | 2 3 |  3.3
Dodging        | 3 |  3.4
Stealth        | |  2.0
Spellcasting   | |  2.7
Air Magic      | |  4.9

Action                   |  1- 3 |  4- 6 || total
-------------------------+-------+-------++-------
Melee: Mace              |    81 |     7 ||    88
       Peck              |     6 |     1 ||     7
       Kick              |    12 |     2 ||    14
       Quarterstaff      |       |    13 ||    13
 Cast: Shock             |    41 |    19 ||    60
 Abil: Fly               |       |     1 ||     1
  Use: Scroll            |       |     5 ||     5
 Stab: Sleeping          |     7 |     4 ||    11
  Eat: Chunk             |     2 |     2 ||     4
Armor: Robe              |    34 |     8 ||    42
Dodge: Dodged            |    69 |    17 ||    86
